 Dungeon Crawl Stone Soup version 0.29-a0-1047-g7c58e119a4 (webtiles) character file.

Game seed: 11418294810756726373

396 Zeldest the Chiller (level 7, 0/85 HPs)
             Began as a Meteoran Ice Elementalist on Aug 16, 2022.
             Slain by an ice beast (8 damage)
             ... on level 5 of the Dungeon.
             The game lasted 00:07:31 (940 turns).

Zeldest the Chiller (Meteoran Ice Elementalist)      Turns: 940, Time: 00:07:32

Health: 0/85       AC: 23    Str:  9    XL:     7   Next: 31%
Magic:  13/15      EV:  2    Int: 18    God:
Gold:   147        SH:  0    Dex: 16    Spells: 7/15 levels left

rFire   . . .      SeeInvis .   g - +0 short sword (protect)
rCold   . . .      Faith    .   (no shield)
rNeg    . . .      Spirit   .   (body armour currently unavailable)
rPois   +          Reflect  .   (helmet currently unavailable)
rElec   .          Harm     .   (cloak currently unavailable)
rCorr   .          Rampage  .   (gloves currently unavailable)
Will    +....      NoTele   +   (boots currently unavailable)
Stlth   +.........              (no amulet)
HPRegen 0.24/turn               q - ring of willpower
MPRegen 0.14/turn               (no ring)

@: tree-form, glowing
A: stationary, stasis, torment immunity, boosted hp, sense surroundings 1,
otherworldly, glowing, explore regen
a: no special abilities


You were on level 5 of the Dungeon.
You were a tree.
You visited 1 branch of the dungeon, and saw 5 of its levels.

You collected 147 gold pieces.

Inventory:

Hand Weapons
 e - a +2 dagger of speed
 g - a +0 short sword of protection (weapon)
Armour
 a - a +0 robe (melded)
 c - a +0 pair of gloves (melded)
 h - the +1 scale mail "Deuvoq" {rC+ Str+2}
   (You found it on level 3 of the Dungeon)

   Str:       It affects your strength (+2).
   rC:        It protects you from cold.
 p - a +0 helmet (melded)
Jewellery
 q - a ring of willpower (left branch)
Wands
 f - a wand of flame (8)
 j - a wand of polymorph (9)
Scrolls
 l - 4 scrolls of identify {unknown}
 m - a scroll of immolation {unknown}
 n - a scroll of acquirement {unknown}
 o - a scroll of brand weapon {unknown}
 r - 2 scrolls of fear {unknown}
 s - a scroll of noise {unknown}
Potions
 b - a potion of magic
 d - a potion of heal wounds {unknown}
 i - a potion of lignification
 k - a potion of degeneration {unknown}


   Skills:
 + Level 3.3 Fighting
 - Level 2.4 Dodging
 - Level 1.4 Stealth
 + Level 4.8 Spellcasting
 + Level 2.9 Conjurations
 * Level 6.2 Ice Magic


You had 7 spell levels left.
You knew the following spells:

 Your Spells              Type           Power      Damage    Failure   Level
a - Frozen Ramparts       Ice            52%        1d8       3%          3
b - Freeze                Ice            100%       1d11      1%          1
c - Hailstorm             Conj/Ice       20%        3d6       21%         4

Your spell library contained the following spells:

 Spells                   Type           Power      Damage    Failure   Level
 Ozocubu's Armour         Ice            26%        N/A       3%          3
 Ozocubu's Refrigeration  Ice            13%        4d10      100%        7


Dungeon Overview and Level Annotations

Branches:
Dungeon (5/15) Zot: 2052
 Temple: D:4-7

Altars:
Gozag


Innate Abilities, Weirdness & Mutations

You are a tree.
Your roots penetrate the ground, keeping you stationary.
You cannot be teleported.
You are immune to unholy pain and torment.
Your maximum health is greatly increased.
Your equipment is partially melded.
You passively map a small area around you.
You are easily found by Zot.
You glow in the dark.
You regain HP and MP as you explore.


Message History

The ice beast hits you. The ice beast freezes you!
Aiming: Throw Flame
Press: ? - help, Shift-Dir - straight line, f/p - ice beast
Aim: an ice beast (lightly wounded, 68% to hit)
The puff of flame hits the ice beast!
The ice beast melts!
The ice beast is heavily wounded.
The ice beast completely resists.
The wall freezes the ice beast but does no damage.
The ice beast hits you but does no damage.
Aiming: Throw Flame
Press: ? - help, Shift-Dir - straight line, f/p - ice beast
Aim: an ice beast (heavily wounded, 68% to hit)
The puff of flame misses the ice beast.
The ice beast completely resists.
The wall freezes the ice beast but does no damage.
The ice beast barely misses you.
Aiming: Throw Flame
Press: ? - help, Shift-Dir - straight line, f/p - ice beast
Aim: an ice beast (heavily wounded, 68% to hit)
The puff of flame misses the ice beast.
The frozen ramparts melt away.
The ice beast hits you but does no damage.
Aiming: Throw Flame
Press: ? - help, Shift-Dir - straight line, f/p - ice beast
Aim: an ice beast (heavily wounded, 68% to hit)
The puff of flame misses the ice beast.
The ice beast hits you. The ice beast freezes you.
Aiming: Throw Flame
Press: ? - help, Shift-Dir - straight line, f/p - ice beast
Aim: an ice beast (heavily wounded, 68% to hit)
The puff of flame misses the ice beast.
The ice beast hits you.
* * * LOW HITPOINT WARNING * * *
The ice beast freezes you!
* * * LOW HITPOINT WARNING * * *
It was a potion of lignification.
You turn into a tree.
Your +0 helmet melds into your body.
Your +0 pair of gloves melds into your body.
Your +0 robe melds into your body.
Your roots penetrate the ground.
The ice beast hits you.
* * * LOW HITPOINT WARNING * * *
The ice beast freezes you!
You die...

#########
#♣....>.#
#Y†...<.# ,
#.......# *
>
#..........
,
#.......###
, *
#.......#
,*
#.......#
####.#### ,
*


You could see an ice beast.

Vanquished Creatures
  A black bear (D:3)
  A necrophage (D:4)
  3 orc priests
  4 gnolls (D:4)
  4 adders
  A worm (D:2)
  2 dart slugs
  15 orcs
  4 ball pythons
  3 endoplasms
  2 giant cockroaches
  5 goblins
  5 hobgoblins
  4 jackals (D:3)
  7 kobolds
  3 quokkas
  2 bats (D:3)
  A frilled lizard (D:2)
  A rat (D:3)
68 creatures vanquished.

Notes
Turn   | Place    | Note
-------+----------+-------------------------------------------
     0 | D:1      | Zeldest the Meteoran Ice Elementalist began the quest for
                  | the Orb.
     0 | D:1      | Reached XP level 1. HP: 14/14 MP: 5/5
   130 | D:2      | Reached XP level 2. HP: 20/22 MP: 3/6
   153 | D:2      | Reached skill level 1 in Fighting
   156 | D:2      | Reached XP level 3. HP: 17/28 MP: 3/8
   212 | D:2      | Learned a level 3 spell: Frozen Ramparts
   217 | D:2      | Reached XP level 4. HP: 29/36 MP: 8/10
   224 | D:2      | Learned a level 4 spell: Hailstorm
   304 | D:3      | Found a faded altar of an unknown god.
   326 | D:3      | Identified the +1 scale mail "Deuvoq" {rC+ Str+2}
   344 | D:3      | Reached skill level 1 in Conjurations
   344 | D:3      | Reached skill level 5 in Ice Magic
   344 | D:3      | Reached XP level 5. HP: 41/41 MP: 6/11
   519 | D:4      | Found an opulent altar of Gozag.
   535 | D:4      | Noticed a necrophage
   601 | D:3      | Noticed a black bear
   607 | D:3      | Killed a black bear
   608 | D:3      | Reached XP level 6. HP: 49/50 MP: 8/13
   723 | D:3      | You fall into a shaft and drop 1 floor!
   747 | D:4      | Reached skill level 6 in Ice Magic
   747 | D:4      | Reached XP level 7. HP: 42/57 MP: 4/15
   928 | D:5      | Entered Level 5 of the Dungeon
   940 | D:5      | Slain by an ice beast

Illustrated notes

Levels and vault maps discovered:
D:1:      lightli_arrival_noodles, layout_basic, serial_shops,
          nicolae_shop_trees
D:2:      layout_loops_ring, uniq_jessica
D:3:      layout_basic, nicolae_ecumenical_pavilion,
          corexii_item_surrounded_by_moat, minmay_strange_pillars,
          lemuel_another_geyser
D:4:      layout_rooms, mainiacjoe_overflow_paths,
          chequers_serial_rivers_large_a, serial_park_tiny_1, st_stairs_7
D:5:      layout_loops_ring, gammafunk_ghost_hive, minivault_26,
          chequers_mini_garden, uniq_duvessa

Skill      XL: |  1  2  3  4  5  6 |
---------------+-------------------+-----
Spellcasting   | 3 4 |  4.8
Fighting       | 1 2 3 |  3.3
Conjurations   | 1 2 |  2.9
Ice Magic      | 5 6 |  6.2
Dodging        | |  2.4
Stealth        | |  1.4

Action                   |  1- 3 |  4- 6 |  7- 9 || total
-------------------------+-------+-------+-------++-------
Melee: Dagger            |    10 |       |       ||    10
       Short sword       |    12 |    63 |    15 ||    90
       Punch             |     1 |       |       ||     1
 Cast: Freeze            |    17 |    17 |     4 ||    38
       Frozen Ramparts   |       |    16 |     3 ||    19
       Hailstorm         |       |     1 |       ||     1
Evoke: Wand              |       |       |     8 ||     8
  Use: Potion            |       |       |     1 ||     1
Armor: Robe              |    15 |    39 |     8 ||    62
Dodge: Dodged            |    18 |    66 |     6 ||    90

Table legend: (Time is in decaauts)
 A = Elapsed time spent in this place.
 B = Non-inter-level travel time spent in this place.
 C = Inter-level travel time spent in this place.
 D = Time resting spent in this place.
 E = Time spent auto-exploring this place.
 F = Levels seen in this place.
 G = Mean time per level.
                   A        B        C        D        E       F      G
               +--------+--------+--------+--------+--------+-----+--------+
         Total |    946 |    939 |      7 |      0 |      0 |   5 |  189.2 |
       Dungeon |    946 |    939 |      7 |      0 |      0 |   5 |  189.2 |
               +--------+--------+--------+--------+--------+-----+--------+

Top non-repeatable levels by time:
     D:4: 323 daAuts
     D:3: 305 daAuts
     D:2: 201 daAuts
     D:1: 103 daAuts
     D:5: 11 daAuts
